 Dungeon Crawl Stone Soup version 0.28.0 (webtiles) character file.

Game seed: 10721403732453231043

564 H0rd4k the Magician (level 7, -4/37 HPs)
             Began as a Deep Elf Hedge Wizard on Feb 18, 2022.
             Killed by divine providence
             ... invoked by an orc priest
              (16 damage)
             ... on level 4 of the Dungeon.
             The game lasted 00:05:21 (4291 turns).

H0rd4k the Magician (Deep Elf Hedge Wizard)         Turns: 4291, Time: 00:05:21

Health: -4/37      AC:  2    Str:  7    XL:     7   Next: 10%
Magic:  19/20      EV: 13    Int: 21    God:
Gold:   150        SH:  0    Dex: 14    Spells: 8/21 levels left

rFire   . . .      SeeInvis .   a - +0 dagger
rCold   . . .      Faith    .   (no shield)
rNeg    . . .      Spirit   .   b - +0 robe
rPois   .          Reflect  .   c - +0 hat
rElec   .          Harm     .   (no cloak)
rCorr   .          Rampage  .   (no gloves)
Will    .....                   (no boots)
Stlth   ++........              l - amulet of magic regeneration
HPRegen 0.12/turn               (no ring)
MPRegen 0.57/turn               (no ring)

@: no status effects
A: no striking features
a: no special abilities


You were on level 4 of the Dungeon.
You visited 1 branch of the dungeon, and saw 4 of its levels.

You collected 150 gold pieces.

Inventory:

Hand Weapons
 a - a +0 dagger (weapon)
Armour
 b - a +0 robe (worn)
 c - a +0 hat (worn)
Jewellery
 l - an amulet of magic regeneration (around neck)
Scrolls
 d - 2 scrolls of teleportation {unknown}
 e - 2 scrolls of torment {unknown}
 h - a scroll of enchant weapon {unknown}
 k - a scroll of identify {unknown}
 m - a scroll of magic mapping {unknown}
Potions
 f - 2 potions of magic {unknown}
 g - a potion of mutation {unknown}
 i - a potion of invisibility {unknown}
 j - a potion of berserk rage {unknown}
 n - a potion of flight {unknown}
 o - 2 potions of curing {unknown}
 p - 2 potions of resistance {unknown}
 q - a potion of might {unknown}
 r - 2 potions of brilliance {unknown}
 s - a potion of attraction {unknown}


   Skills:
 + Level 0.6 Fighting
 + Level 3.4 Dodging
 - Level 2.4 Stealth
 + Level 7.7 Spellcasting
 + Level 4.0 Conjurations
 + Level 1.1 Summonings
 + Level 1.1 Translocations
 - Level 1.8 Fire Magic
 - Level 2.7 Air Magic
 - Level 1.0 Poison Magic


You had 8 spell levels left.
You knew the following spells:

 Your Spells              Type           Power      Damage    Failure   Level
a - Magic Dart            Conj           100%       1d8       1%          1
b - Blink                 Tloc           24%        N/A       8%          2
c - Conjure Flame         Conj/Fire      20%        6-21      8%          3
d - Mephitic Cloud        Conj/Pois/Air  19%        N/A       9%          3
e - Sticky Flame          Conj/Fire      20%        2d4       24%         4

Your spell library contained the following spells:

 Spells                   Type           Power      Damage    Failure   Level
 Call Imp                 Summ           12%        N/A       8%          2
 Slow                     Hex            32%        N/A       9%          1
 Ignite Poison            Fire/Tmut/Pois 12%        N/A       17%         3


Dungeon Overview and Level Annotations

Branches:
Dungeon (4/15)
 Temple: D:4-7

Altars:
Dithmenos
Elyvilon
Kikubaaqudgha
Makhleb
Yredelemnul

Annotations:
D:3 1 runed translucent door, exclusion: door, Crazy Yiuf, Ijyb
D:4 exclusion: upstairs


Message History

Confirm with . or Enter, or press ? or * to list all spells.
Aiming: Mephitic Cloud (dangerous; 9% risk of failure)
Press: ? - help, Shift-Dir - straight line, f - orc priest
Aim: an orc priest, wielding a +0 short sword and wearing a +0 leather armour (translocational energy, chance to affect: 86%)
The ball explodes into a vile cloud!
There are monsters nearby!
Unknown command.
Casting: Mephitic Cloud (dangerous; 9% risk of failure)
Confirm with . or Enter, or press ? or * to list all spells.
Aiming: Mephitic Cloud (dangerous; 9% risk of failure)
Press: ? - help, Shift-Dir - straight line, f - orc priest
Aim: an orc priest, wielding a +0 short sword and wearing a +0 leather armour (chance to affect: 86%)
The ball explodes into a vile cloud!
The stinking cloud engulfs the orc priest but does no damage.
The orc priest is engulfed in noxious fumes.
The orc priest appears confused.
The orc priest is engulfed in noxious fumes.
The orc priest chortles and stares into space.
You feel stable enough to blink again.
The orc priest is engulfed in noxious fumes.
The orc priest appears confused.
Found 14 gold pieces.
The orc priest seems less confused.
The orc priest casts a cantrip, but nothing happens.
Casting: Mephitic Cloud (dangerous; 9% risk of failure)
Confirm with . or Enter, or press ? or * to list all spells.
Aiming: Mephitic Cloud (dangerous; 9% risk of failure)
Press: ? - help, Shift-Dir - straight line, f/p - orc priest
Aim: an orc priest, wielding a +0 short sword and wearing a +0 leather armour (chance to affect: 86%)
The ball explodes into a vile cloud!
The stinking cloud engulfs the orc priest but does no damage.
The orc priest is engulfed in noxious fumes.
The orc priest mumbles some strange prayers to Beogh against you.
Beogh smites you! The orc barely misses you.
The orc priest is engulfed in noxious fumes.
The orc priest hits you with a +0 short sword.
The orc hits you with a +0 mace.
The orc priest calls down the wrath of Beogh upon you.
Beogh smites you!
You die...

#...#.#####.#.#.####
#...#.#####.).....########
.####...#.##.......##.##.....#
.........<...##..#.##.##...>.#
.............##..#...........#
......................##.....#
.####...######.#.#.#..##.<...#
### #...# #.#......######## ..#
#.((# #.#@..#.######### #.# #...#
#.#...#.#.......# #.####.##
##.#oo.#.#.#####.#### ....†..#
#...°......####...... #.######
#.............#..###.
#.###########..........#.........
..............##...###.##.#..###.
#.###########.##...# #...).......
..# #.##...# ############


You could see an orc priest and an orc.

Vanquished Creatures
  Sigmund (D:2)
  An ogre (D:4)
  A water moccasin skeleton (D:2)
  A hound (D:4)
  A centaur skeleton (D:4)
  An orc wizard (D:4)
  Natasha (twice) (D:3)
  An iguana (D:4)
  4 adders
  A worm (D:2)
  5 dart slugs
  3 orcs (D:3)
  5 ball pythons
  2 bats
  7 endoplasms
  3 giant cockroaches
  2 goblins (D:1)
  3 hobgoblins (D:1)
  8 jackals
  4 kobolds
  3 quokkas
  2 frilled lizards (D:2)
  8 rats
69 creatures vanquished.

Notes
Turn   | Place    | Note
-------+----------+-------------------------------------------
     0 | D:1      | H0rd4k the Deep Elf Hedge Wizard began the quest for the
                  | Orb.
     0 | D:1      | Reached XP level 1. HP: 10/10 MP: 7/7
   383 | D:1      | Reached skill level 5 in Spellcasting
   383 | D:1      | Reached XP level 2. HP: 8/15 MP: 5/10
  1034 | D:1      | Reached XP level 3. HP: 19/19 MP: 2/12
  1037 | D:1      | Learned a level 2 spell: Blink
  1041 | D:1      | Learned a level 3 spell: Conjure Flame
  1045 | D:1      | Learned a level 3 spell: Mephitic Cloud
  1691 | D:2      | Reached skill level 1 in Fire Magic
  1691 | D:2      | Reached skill level 1 in Poison Magic
  1691 | D:2      | Reached XP level 4. HP: 10/24 MP: 1/13
  2162 | D:2      | Reached skill level 6 in Spellcasting
  2379 | D:2      | Noticed Sigmund
  2403 | D:2      | Killed Sigmund
  2404 | D:2      | Reached skill level 1 in Air Magic
  2404 | D:2      | Reached XP level 5. HP: 17/28 MP: 3/16
  2548 | D:2      | Found a white marble altar of Elyvilon.
  2983 | D:3      | Reached XP level 6. HP: 33/33 MP: 14/17
  3163 | D:3      | Reached skill level 7 in Spellcasting
  3212 | D:3      | Found a runed translucent door.
  3213 | D:3      | Noticed Crazy Yiuf
  3275 | D:3      | Noticed Natasha
  3282 | D:3      | Killed Natasha
  3447 | D:3      | Noticed Natasha
  3452 | D:3      | Noticed Ijyb
  3457 | D:3      | Killed Natasha
  3660 | D:4      | Learned a level 4 spell: Sticky Flame
  3891 | D:4      | Found an ancient bone altar of Kikubaaqudgha.
  3968 | D:4      | Found a basalt altar of Yredelemnul.
  3971 | D:4      | Found a shadowy altar of Dithmenos.
  3973 | D:4      | Found a burning altar of Makhleb.
  4072 | D:4      | Reached XP level 7. HP: 37/37 MP: 18/20
  4291 | D:4      | Killed from afar by an orc priest

Illustrated notes

Levels and vault maps discovered:
D:1:      giann_horns, layout_basic, shapermc_ecumenical_altar_petra
D:2:      layout_loops_ring, basic_altar, hangedman_decor_slide_cut,
          uniq_sigmund
D:3:      layout_loops_cross, serial_park_tiny_1, uniq_natasha, uniq_ijyb,
          uniq_crazy_yiuf_cottage
D:4:      layout_loops_cross, lemuel_doored_altar, kennysheep_okawaru_gauntlet,
          minitemple, lemuel_temple_firewalk_b

Skill      XL: |  1  2  3  4  5  6  7 |
---------------+----------------------+-----
Spellcasting   | 5 6 7 |  7.7
Fire Magic     | 1 |  1.8
Poison Magic   | 1 |  1.0
Conjurations   | 3 4 |  4.0
Air Magic      | 1 2 |  2.7
Dodging        | 3 |  3.4
Fighting       | |  0.6
Stealth        | |  2.4
Summonings     | |  1.1
Translocations | |  1.1

Action                   |  1- 3 |  4- 6 |  7- 9 || total
-------------------------+-------+-------+-------++-------
 Cast: Magic Dart        |    89 |   125 |    17 ||   231
       Mephitic Cloud    |       |     3 |     4 ||     7
       Conjure Flame     |       |     3 |     1 ||     4
       Blink             |       |     1 |     1 ||     2
Armor: Robe              |     6 |     6 |       ||    12
Dodge: Dodged            |    18 |    21 |     1 ||    40
